 Dungeon Crawl Stone Soup version 0.29.1-15-g9cfb28693d (webtiles) character file.

Game seed: 2863557964084949939

265629 Gabide the Slayer (level 20, -3/241 HPs)
             Began as an Ogre Monk on Mar 5, 2023.
             Was a Priest of Elyvilon.
             Slain by a dire elephant (24 damage)
             ... on level 1 of the Vaults on Mar 6, 2023.
             The game lasted 01:56:51 (65622 turns).

Gabide the Slayer (Ogre Monk)                      Turns: 65622, Time: 01:56:52

Health: -3/241     AC: 15    Str: 33    XL:     20   Next: 8%
Magic:  32/32      EV: 14    Int: 11    God:    Elyvilon [***...]
Gold:   571        SH:  0    Dex: 15    Spells: 19/19 levels left

rFire   + + .      SeeInvis .   a - +7 battleaxe of Bellicose Valour {vorpal, *Slow rF++ Str+7}
rCold   + + +      Faith    +   (shield currently unavailable)
rNeg    . . .      Spirit   .   A - +0 swamp dragon scales
rPois   +          Reflect  .   (helmet restricted)
rElec   +          Harm     .   L - +2 cloak
rCorr   +          Rampage  .   (gloves unavailable)
Will    +++..                   (boots unavailable)
Stlth   +.........              F - amulet of faith
HPRegen 0.50/turn               K - ring of willpower
MPRegen 0.23/turn               P - ring of Enemur {Contam rElec rC+++ rCorr Dex+4}

@: about to teleport, marked
A: large, unfitting armour, tough skin 1
}: 2/15 runes: decaying, serpentine
a: Renounce Religion, Purification, Heal Other, Heal Self


You were on level 1 of the Vaults.
You worshipped Elyvilon.
Elyvilon was most pleased with you.
You visited 7 branches of the dungeon, and saw 32 of its levels.
You also visited: Ossuary.

You collected 3437 gold pieces.
You spent 2866 gold pieces at shops.

Inventory:

Hand Weapons
 a - the +7 battleaxe of Bellicose Valour (weapon) {vorpal, *Slow rF++ Str+7}
   (You bought it in a shop on level 14 of the Dungeon)

   It inflicts extra damage upon your enemies.
   Str:       It affects your strength (+7).
   rF:        It greatly protects you from fire.
   *Slow:     It may slow you when you take damage.
Armour
 y - an orb of guile
 z - +5 steam dragon scales
 A - +0 swamp dragon scales (worn)
 L - a +2 cloak (worn)
Jewellery
 k - a ring of protection from fire
 m - a +4 ring of protection
 n - a ring of poison resistance
 w - a +4 ring of protection
 x - a +4 ring of slaying
 B - a ring of protection from fire
 E - an amulet of regeneration
 F - an amulet of faith (around neck)
 I - a ring of willpower
 K - a ring of willpower (left hand)
 P - the ring of Enemur (right hand) {Contam rElec rC+++ rCorr Dex+4}
   (You bought it in a shop on level 15 of the Dungeon)

   [ring of resist corrosion]

   Dex:       It affects your dexterity (+4).
   rC:        It renders you almost immune to cold.
   rElec:     It insulates you from electricity.
   Contam:    It causes magical contamination when unequipped.
   rCorr:     It protects you from acid and corrosion.
 Q - a ring of flight
 R - an amulet of reflection
 S - an amulet of magic regeneration
Wands
 i - a wand of iceblast (38)
 r - a wand of acid (4)
 v - a wand of paralysis (38)
 H - a wand of flame (61)
 M - a wand of mindburst (3)
Scrolls
 b - 4 scrolls of silence
 c - 5 scrolls of immolation
 e - 3 scrolls of blinking
 s - 13 scrolls of teleportation
 C - 3 scrolls of fog
 J - 5 scrolls of amnesia
 N - a scroll of enchant weapon
 O - a scroll of brand weapon
Potions
 d - 9 potions of flight
 f - 3 potions of curing
 g - 6 potions of mutation
 h - 7 potions of lignification
 j - a potion of invisibility
 l - 7 potions of brilliance
 o - 2 potions of might
 q - 6 potions of ambrosia
 t - 6 potions of attraction
 u - a potion of magic
 G - 2 potions of resistance
Miscellaneous
 D - a box of beasts (inert)


   Skills:
 * Level 23.3 Fighting
 * Level 16.2(18.5) Axes
 - Level 15.0(17.9) Polearms
 + Level 13.6 Armour
 - Level 10.0 Dodging
 - Level 1.4 Stealth
 + Level 17.1 Invocations


You had 19 spell levels left.
You didn't know any spells.
Your spell library contained the following spells:

 Spells                   Type           Power      Damage    Failure   Level
 Beastly Appendage        Tmut           0%         N/A       41%         1
 Foxfire                  Conj/Fire      0%         2x1d4     41%         1
 Freeze                   Ice            0%         1d3       41%         1
 Sandblast                Erth           0%         2d4       41%         1
 Passwall                 Tmut/Erth      0%         N/A       56%         2
 Static Discharge         Conj/Air       0%         3-3/arc   56%         2
 Wereblood                Tmut           0%         N/A       56%         2
 Conjure Flame            Conj/Fire      0%         6-21      80%         3
 Frozen Ramparts          Ice            0%         1d1       80%         3
 Gell's Gravitas          Tloc           0%         N/A       80%         3
 Ignite Poison            Fire/Tmut/Pois 0%         N/A       80%         3
 Inner Flame              Hex/Fire       0%         N/A       80%         3
 Lesser Beckoning         Tloc           0%         N/A       80%         3
 Mephitic Cloud           Conj/Pois/Air  0%         N/A       80%         3
 Spider Form              Tmut/Pois      0%         N/A       80%         3
 Stone Arrow              Conj/Erth      0%         3d7       80%         3
 Summon Guardian Golem    Hex/Summ       0%         N/A       80%         3
 Teleport Other           Tloc           0%         N/A       80%         3
 Tukima's Dance           Hex            0%         N/A       80%         3
 Dispel Undead            Necr           0%         3d6       99%         4
 Flame Wave               Conj/Fire      0%         2d4       99%         4
 Hailstorm                Conj/Ice       0%         3d3       99%         4
 Ice Form                 Ice/Tmut       0%         N/A       99%         4
 Olgreb's Toxic Radiance  Pois           0%         N/A       99%         4
 Passage of Golubria      Tloc           0%         N/A       99%         4
 Sticky Flame             Conj/Fire      0%         2d3       99%         4
 Summon Ice Beast         Ice/Summ       0%         N/A       99%         4
 Freezing Cloud           Conj/Ice/Air   0%         6-21      100%        5
 Iskenderun's Battlesphe  Conj           0%         2d6       100%        5
 Yara's Violent Unravell  Hex/Tmut       0%         3d3       100%        5
 Dispersal                Tloc           0%         N/A       100%        6
 Iron Shot                Conj/Erth      0%         9d1       100%        6
 Simulacrum               Ice/Necr       0%         N/A       100%        6
 Orb of Destruction       Conj           0%         9d5       100%        7
 Ozocubu's Refrigeration  Ice            0%         4d7       100%        7
 Spellforged Servitor     Conj/Summ      0%         N/A       100%        7
 Ignition                 Fire           0%         3d3       100%        8


Dungeon Overview and Level Annotations

Branches:
Dungeon (15/15)            Temple (1/1) D:7            Lair (5/5) D:8
  Swamp (4/4) Lair:3        Snake (4/4) Lair:2        Slime (0/5) Lair:5
    Orc (2/2) D:9             Elf (0/3) Orc:2        Vaults (1/5) D:14
 Depths (0/4) D:15        Ossuary (visited)

Altars:
Ashenzari
Cheibriados
Dithmenos
Elyvilon
Fedhas
Gozag
Hepliaklqana
Kikubaaqudgha
Makhleb
Nemelex Xobeh
Okawaru
Qazlal
Ru
Sif Muna
Trog
Uskayaw
Vehumet
Wu Jian
Xom
Yredelemnul
Zin
The Shining One
Jiyva

Shops:
D:3 (   D:10 *?=(   D:11 [   D:14 *   D:15 =[?*   Orc:1 ?   Orc:2 ([*=(
Snake:1 =:=   Snake:3 *:   Snake:4 **[*

Annotations:
D:15 3 runed translucent doors, Epsin's ghost, journeyman MiFi


Innate Abilities, Weirdness & Mutations

You are too large for most types of armour.
You have tough skin. (AC +1)


Message History

The dire elephant barely misses the dire elephant. x2
Unknown command.
You slice the dire elephant!!
The dire elephant is heavily wounded.
You slice the dire elephant!! x2
The dire elephant completely misses you.
The dire elephant trunk-slaps you. The dire elephant tramples you!!
You hold your ground!
The dire elephant trunk-slaps you but does no damage.
The dire elephant tramples you!
* * * LOW HITPOINT WARNING * * *
You hold your ground!
The dire elephant trunk-slaps you but does no damage.
The dire elephant tramples the dire elephant!!
The dire elephant holds its ground!
The dire elephant trunk-slaps the dire elephant but does no damage.
As you read the scroll of teleportation, it crumbles to dust.
You feel strangely unstable. The dire elephant tramples you!
* * * LOW HITPOINT WARNING * * *
You stumble backwards!
The dire elephant tramples you!
* * * LOW HITPOINT WARNING * * *
You stumble backwards!
Unknown command.
The dire elephant attacks as you move away!
The dire elephant tramples you!!
* * * LOW HITPOINT WARNING * * *
The dire elephant trunk-slaps you but does no damage.
You open the dire elephant like a pillowcase!!!
You kill the dire elephant!
You slash the dire elephant!
Unknown command.
You slice the dire elephant!!
You kill the dire elephant!
The dire elephant tramples the dire elephant.
The dire elephant holds its ground!
The dire elephant trunk-slaps the dire elephant.
You open the dire elephant like a pillowcase!!!
The dire elephant is severely wounded.
The dire elephant tramples you!!
You die...

.......#.#.###.
.....#.......
########..########
#.....)'..........
#......#.#######..
#....))###.... ##.
#..†...##..# ##
#.Y...)+))#### #
#@YY...#).....# #
########.#.....# #
#.##..... # +..
####. # ##.. ##
#.. ##. ## ###..
..... .....


You could see 2 dire elephants and a neutral dire elephant (wandering).

Vanquished Creatures
  Saint Roka (Orc:2)
  Jorgrun (D:14)
  Kirke (Swamp:3)
  8 nagarajas
  A fenstrider witch (Swamp:3)
  An orc warlord (Orc:1)
  3 ironbound preservers (Vaults:1)
  2 ghouls
  An ironbound thunderhulk (Vaults:1)
  7 dire elephants (Vaults:1)
  6 eleionomae
  6 bunyips
  An entropy weaver (Vaults:1)
  Snorg (D:13)
  An ettin (Vaults:1)
  2 shambling mangroves
  A great orb of eyes (D:15)
  4 salamander tyrants
  4 vault guards (D:14)
  11 hydras
  5 boulder beetles
  6 catoblepae
  A rakshasa (D:15)
  An ogre mage (D:14)
  A two-headed ogre (Orc:2)
  15 centaur warriors
  18 naga warriors
  17 anacondas
  9 alligators
  A tengu warrior (D:15)
  7 death yaks (Lair:5)
  6 orc high priests
  7 shock serpents
  11 naga sharpshooters
  A skeletal warrior (D:13)
  5 salamander mystics
  A death drake (Swamp:3)
  4 goliath frogs
  3 spriggan druids
  11 deep trolls
  6 naga ritualists
  A glowing orange brain (Vaults:1)
  7 bog bodies
  8 sea snakes
  10 swamp dragons
  A tengu zombie (Vaults:1)
  5 lindwurms
  A necromancer (Vaults:1)
  3 ironbound convokers (Vaults:1)
  A deep elf pyromancer (D:14)
  6 orc knights
  2 wizards
  13 mana vipers
  3 phantasmal warriors
  12 ugly things
  An oklob plant (Lair:5)
  6 orc sorcerers
  5 manticores
  3 will-o-the-wisps
  18 salamanders
  6 cyclopes
  41 black mambas
  2 molten gargoyles (D:12)
  2 gargoyles
  14 naga magi
  6 vault sentinels (Vaults:1)
  3 orange demons (D:14)
  A torpor snail (Lair:4)
  9 guardian serpents
  8 elephants
  3 unseen horrors
  7 cane toads
  An unseen horror zombie (D:8)
  A rime drake (Lair:5)
  A freezing wraith (D:13)
  A komodo dragon (shapeshifter) (D:15)
  A tengu conjurer (D:15)
  8 komodo dragons
  4 yaktaurs (Vaults:1)
  An elf skeleton (Vaults:1)
  4 red devils (D:14)
  8 trolls
  3 polar bears
  12 hornets
  18 blink frogs
  5 tyrant leeches
  18 slime creatures
  A human skeleton (Vaults:1)
  Sigmund (D:3)
  A vampire (D:7)
  10 spriggans
  3 water elementals (D:14)
  5 wraiths
  101 yaks
  3 hogs (Swamp:3)
  A fire bat (shapeshifter) (D:15)
  7 basilisks
  A redback (Vaults:1)
  A human (D:14)
  14 vampire mosquitoes
  2 wyverns
  Menkaure (Ossuary)
  3 steam dragons
  8 wargs
  39 nagas
  9 swamp worms
  2 acid dragons (D:10)
  23 water moccasins
  39 orc warriors
  11 swamp drakes
  A sky beast (D:7)
  2 black bears
  5 ogres
  3 wolves (Lair:3)
  7 centaurs
  A gnoll sergeant (D:8)
  2 kobold brigands (D:9)
  12 bullfrogs
  A necrophage (D:5)
  2 scorpions
  2 wyvern zombies (D:8)
  23 wights
  5 killer bees (D:8)
  7 electric eels
  3 howler monkeys
  3 centaur zombies (D:8)
  6 lava snakes
  2 hounds (D:6)
  2 jellies
  16 orc priests
  8 iguanas
  Natasha (thrice) (D:3)
  30 orc wizards
  Terence (D:3)
  5 killer bee zombies (D:8)
  3 mummies (Ossuary)
  Robin (D:3)
  2 howler monkey zombies (D:8)
  6 gnolls
  7 adders
  4 shadow imps
  2 white imps
  2 worms (D:2)
  A dart slug (D:3)
  85 orcs
  9 endoplasms
  2 giant cockroaches
  7 gnoll zombies (Ossuary)
  20 goblins
  14 hobgoblins
  10 jackals
  13 kobolds
  3 quokkas (D:4)
  3 ball pythons
  4 bats
  4 frilled lizards
  3 gnoll skeletons (Ossuary)
  4 goblin skeletons (Ossuary)
  2 goblin zombies (Ossuary)
  5 hobgoblin skeletons (Ossuary)
  6 hobgoblin zombies (Ossuary)
  6 kobold skeletons (Ossuary)
  2 kobold zombies (Ossuary)
  4 orc skeletons (Ossuary)
  5 orc zombies (Ossuary)
  3 rats
  3 rat skeletons (Ossuary)
  3 rat zombies (Ossuary)
  A butterfly (Swamp:2)
1180 creatures vanquished.

Vanquished Creatures (collateral kills)
  3 yaks (Lair:5)
  An orc (Orc:2)
4 creatures vanquished.

Vanquished Creatures (others)
  A nagaraja (Snake:4)
  An eleionoma (Swamp:3)
  A dire elephant (Vaults:1)
  A yaktaur captain (Vaults:1)
  A rakshasa (D:15)
  4 hydras
  A death knight (D:13)
  4 death yaks (Lair:5)
  3 swamp dragons
  2 ugly things (D:15)
  A manticore (Lair:5)
  A tyrant leech (Swamp:3)
  A human (Swamp:3)
  A vampire mosquito (Swamp:4)
  A swamp drake (Swamp:4)
  An orc warrior (Orc:1)
  An orc (Orc:2)
  A bush (Lair:5)
  14 foxfires
  26 fungi
  58 plants
  A withered plant (D:8)
126 creatures vanquished.

Grand Total: 1310 creatures vanquished

Notes
Turn   | Place    | Note
-------+----------+-------------------------------------------
     0 | D:1      | Gabide the Ogre Monk began the quest for the Orb.
     0 | D:1      | Reached XP level 1. HP: 24/24 MP: 1/1
   238 | D:1      | Reached XP level 2. HP: 32/32 MP: 2/2
   969 | D:2      | Reached XP level 3. HP: 32/40 MP: 3/3
  1678 | D:2      | Reached skill level 5 in Fighting
  1678 | D:2      | Reached XP level 4. HP: 43/50 MP: 4/4
  2384 | D:3      | Noticed Terence
  2409 | D:3      | Killed Terence
  2705 | D:3      | Reached XP level 5. HP: 42/58 MP: 5/5
  3024 | D:3      | Found a radiant altar of Vehumet.
  3028 | D:3      | Noticed Sigmund
  3087 | D:3      | Killed Sigmund
  3088 | D:3      | Reached skill level 6 in Fighting
  3088 | D:3      | Reached skill level 5 in Polearms
  3088 | D:3      | Reached XP level 6. HP: 68/68 MP: 6/6
  3269 | D:3      | Found Teuh's Weapon Boutique.
  3382 | D:3      | Noticed Robin
  3421 | D:3      | Killed Robin
  3507 | D:3      | Noticed Natasha
  3528 | D:3      | Killed Natasha
  3578 | D:3      | Found an ancient bone altar of Kikubaaqudgha.
  3609 | D:3      | Noticed Natasha
  3617 | D:3      | Killed Natasha
  3618 | D:3      | Reached skill level 7 in Fighting
  4123 | D:3      | Noticed Natasha
  4134 | D:3      | Killed Natasha
  4374 | D:4      | Reached XP level 7. HP: 71/78 MP: 7/7
  4504 | D:4      | Found a sand-covered staircase.
  4510 | Ossuary  | Entered an ossuary
  4945 | Ossuary  | Noticed Menkaure
  4955 | Ossuary  | Killed Menkaure
  5617 | D:5      | Entered Level 5 of the Dungeon
  5633 | D:4      | Reached skill level 8 in Fighting
  6077 | D:5      | Reached XP level 8. HP: 73/89 MP: 8/8
  6450 | D:5      | Found a shadowy altar of Dithmenos.
  6657 | D:5      | Found a shimmering altar of Xom.
  7226 | D:6      | Reached skill level 9 in Fighting
  7361 | D:6      | Found a broken altar of Ashenzari.
  7692 | D:6      | Reached skill level 5 in Dodging
  7922 | D:6      | Reached skill level 10 in Fighting
  7922 | D:6      | Reached XP level 9. HP: 78/101 MP: 9/9
  8609 | D:7      | Noticed a hornet
  8616 | D:7      | Paralysed by a hornet for 2 turns
  8622 | D:7      | Paralysed by a hornet for 3 turns
  8625 | D:7      | Killed a hornet
  9486 | D:7      | Reached skill level 11 in Fighting
 10186 | D:7      | Found a staircase to the Ecumenical Temple.
 10193 | Temple   | Entered the Ecumenical Temple
 10213 | Temple   | Became a worshipper of Elyvilon the Healer
 10213 | Temple   | Reached * piety under Elyvilon
 10213 | Temple   | Reached ** piety under Elyvilon
 10536 | D:7      | Found a hide-covered altar of Uskayaw.
 11051 | D:8      | Reached skill level 12 in Fighting
 11054 | D:8      | Reached skill level 1 in Invocations
 11386 | D:8      | Reached XP level 10. HP: 83/115 MP: 10/13
 11727 | D:8      | Reached skill level 5 in Invocations
 12339 | D:8      | Found a basalt altar of Yredelemnul.
 12490 | D:8      | Found a glowing silver altar of Zin.
 13276 | D:8      | Found a staircase to the Lair.
 13335 | D:8      | Reached *** piety under Elyvilon
 13433 | D:8      | Found a shimmering blue altar of Sif Muna.
 13715 | D:8      | Identified a scroll of acquirement
 13715 | D:8      | Acquired a manual of Armour
 13718 | Lair:1   | Entered Level 1 of the Lair of Beasts
 13902 | Lair:1   | Acquired the +6 halberd of Wiphiva {flame, Int+9}
 14033 | D:8      | Reached skill level 10 in Invocations
 14046 | D:8      | Reached XP level 11. HP: 107/123 MP: 18/18
 14742 | Lair:1   | Reached **** piety under Elyvilon
 15126 | Lair:1   | Reached skill level 1 in Armour
 15663 | Lair:1   | Reached skill level 5 in Armour
 17518 | Lair:2   | Found a staircase to the Snake Pit.
 17678 | Lair:2   | Reached XP level 12. HP: 132/132 MP: 21/21
 17813 | Lair:3   | Reached skill level 10 in Armour
 18129 | Lair:3   | Found a staircase to the Swamp.
 18386 | Lair:3   | Reached ***** piety under Elyvilon
 18655 | Lair:3   | Noticed an eight-headed hydra
 18674 | Lair:3   | Killed a two-headed hydra
 19749 | Lair:4   | Noticed a catoblepas
 19767 | Lair:4   | Killed a catoblepas
 21092 | Lair:4   | Reached skill level 13 in Fighting
 21126 | Lair:4   | Reached skill level 10 in Polearms
 21126 | Lair:4   | Reached XP level 13. HP: 48/144 MP: 19/22
 21824 | Lair:4   | Noticed Josephine
 21827 | Lair:4   | Pacified Josephine
 22549 | Lair:5   | Entered Level 5 of the Lair of Beasts
 22554 | Lair:5   | Reached skill level 14 in Fighting
 22679 | Lair:5   | Found a viscous altar of Jiyva.
 22679 | Lair:5   | Found a staircase to the Slime Pits.
 23054 | Lair:5   | Noticed Nessos
 23058 | Lair:5   | Pacified Nessos
 23789 | Lair:5   | Reached skill level 15 in Fighting
 24570 | Lair:5   | Reached XP level 14. HP: 106/159 MP: 23/23
 26143 | Lair:5   | Reached skill level 16 in Fighting
 26982 | D:9      | Found a staircase to the Orcish Mines.
 27112 | D:9      | Found an ornate altar of the Wu Jian Council.
 27139 | D:9      | Found a sacrificial altar of Ru.
 27687 | D:10     | Entered Level 10 of the Dungeon
 27791 | D:10     | Found Sanasin's Magic Scroll Shoppe.
 27798 | D:10     | Bought a scroll of teleportation for 36 gold pieces
 27798 | D:10     | Bought a scroll of fear for 48 gold pieces
 27798 | D:10     | Bought a scroll of teleportation for 36 gold pieces
 27798 | D:10     | Bought a scroll of identify for 24 gold pieces
 27798 | D:10     | Bought a scroll of identify for 24 gold pieces
 27798 | D:10     | Bought a scroll of identify for 24 gold pieces
 27804 | D:10     | Found Okuss's General Store.
 27911 | D:10     | Bought 3 scrolls of enchant armour for 382 gold pieces
 28056 | D:10     | Found Qarirax's Jewellery Boutique.
 28078 | D:10     | Bought a ring of willpower for 275 gold pieces
 28099 | D:10     | Found Seithin's Weapon Emporium.
 28930 | D:11     | Found Uhiquk's Armour Shoppe.
 28940 | D:11     | Bought a +0 cloak for 58 gold pieces
 29413 | D:11     | Reached ****** piety under Elyvilon
 29917 | D:12     | Reached skill level 17 in Fighting
 30327 | D:12     | Reached XP level 15. HP: 173/174 MP: 25/25
 31570 | D:13     | Noticed Snorg
 31585 | D:13     | Killed Snorg
 33067 | D:13     | Noticed Maurice
 33072 | D:13     | Pacified Maurice
 34275 | D:14     | Reached skill level 18 in Fighting
 35281 | D:14     | Noticed Jorgrun
 35297 | D:14     | Killed Jorgrun
 35528 | D:14     | Found a gate to the Vaults.
 35663 | D:14     | You fall into a shaft and drop 1 floor!
 35663 | D:15     | Entered Level 15 of the Dungeon
 35855 | D:14     | Found Ugobben's Assorted Antiques.
 35947 | D:14     | Bought an encrusted battleaxe for 276 gold pieces
 35947 | D:14     | Identified the +7 battleaxe of Bellicose Valour {vorpal,
                  | *Slow rF++ Str+7} (You bought it in a shop on level 14 of
                  | the Dungeon)
 36189 | D:15     | Found Keeph's Antique Armour Emporium.
 36313 | D:15     | Found a runed translucent gate.
 36313 | D:15     | Found a runed translucent gate.
 36313 | D:15     | Found a runed translucent gate.
 36363 | D:15     | Found a hazy altar of Hepliaklqana.
 36391 | D:15     | Found Tutritec's Magic Scroll Shop.
 36396 | D:15     | Found Yvvy's General Store.
 36398 | D:15     | Bought a scroll of teleportation for 51 gold pieces
 36398 | D:15     | Bought a scroll of teleportation for 51 gold pieces
 36398 | D:15     | Bought a scroll of teleportation for 51 gold pieces
 36398 | D:15     | Bought a scroll of teleportation for 51 gold pieces
 36398 | D:15     | Bought a scroll of blinking for 127 gold pieces
 36402 | D:15     | Bought a potion of mutation for 96 gold pieces
 36402 | D:15     | Bought a scroll of teleportation for 36 gold pieces
 36444 | D:15     | Found Xoatuhesch's Jewellery Shop.
 36445 | D:15     | Identified the +0 halberd of Wileod {antimagic, rC+}
 36483 | D:15     | Reached XP level 16. HP: 128/188 MP: 27/27
 36890 | D:15     | Reached skill level 19 in Fighting
 36936 | D:15     | Found a staircase to the Depths.
 36957 | D:15     | Reached skill level 10 in Dodging
 37121 | D:15     | Noticed Epsin's ghost (journeyman MiFi)
 37290 | Orc:1    | Entered Level 1 of the Orcish Mines
 37359 | Orc:1    | Reached skill level 15 in Polearms
 37419 | Orc:1    | Reached skill level 15 in Invocations
 37423 | Orc:1    | Reached skill level 1 in Axes
 37523 | Orc:2    | Entered Level 2 of the Orcish Mines
 37615 | Orc:2    | Noticed Saint Roka
 37667 | Orc:2    | Killed Saint Roka
 37914 | Orc:2    | Found Fefruth's Antique Weapon Shop.
 38125 | Orc:1    | Found Erehoq's Magic Scroll Shop.
 38296 | Orc:2    | Reached skill level 5 in Axes
 39600 | Orc:2    | Found a staircase to the Elven Halls.
 39671 | Orc:2    | Found Taehoel's Antique Armour Shop.
 39672 | Orc:2    | Found Siajun's Antique Weapon Shop.
 39674 | Orc:2    | Found Woat's General Store.
 39674 | Orc:2    | Found Jahompox's Jewellery Boutique.
 40082 | Swamp:1  | Entered Level 1 of the Swamp
 40192 | Swamp:1  | You fall into a shaft and drop 1 floor!
 41084 | Swamp:2  | Reached skill level 10 in Axes
 41305 | Swamp:2  | Reached XP level 17. HP: 80/257 MP: 33/36
 42251 | Swamp:3  | Noticed Louise
 42262 | Swamp:3  | Noticed Donald
 42264 | Swamp:3  | Pacified Donald
 42270 | Swamp:3  | Pacified Louise
 42761 | Swamp:3  | Noticed Kirke
 42788 | Swamp:3  | Killed Kirke
 43225 | Swamp:4  | Entered Level 4 of the Swamp
 43867 | Swamp:4  | Noticed the 27-headed Lernaean hydra
 43887 | Swamp:4  | Pacified the 27-headed Lernaean hydra
 46341 | Swamp:4  | Reached skill level 20 in Fighting
 46977 | Swamp:4  | Got a decaying rune of Zot
 47305 | Swamp:4  | HP: 10/201 [tyrant leech (7)]
 48423 | Swamp:4  | Identified the +1 robe of the Armoured One {MP-9 Str+7
                  | Dex+3 SInv}
 48810 | D:15     | Bought the ring of Enemur {Contam rElec rC+++ rCorr Dex+4}
                  | for 1220 gold pieces
 49129 | Snake:1  | Entered Level 1 of the Snake Pit
 49771 | Snake:1  | Reached XP level 18. HP: 194/210 MP: 17/29
 49840 | Snake:1  | Identified the +0 robe of Xom {rF+ Will+ Str+4}
 49962 | Snake:1  | Found Teneremol's Jewellery Boutique.
 49964 | Snake:1  | Found Rutag's Book Emporium.
 49966 | Snake:1  | Found Ucve's Jewellery Boutique.
 53922 | Snake:2  | Reached skill level 21 in Fighting
 56489 | Snake:3  | HP: 9/215 [naga/+0 long sword (9)]
 56499 | Snake:3  | Found Yruach's Assorted Antiques.
 56505 | Snake:3  | Found Udia's Book Shop.
 57754 | Snake:4  | Entered Level 4 of the Snake Pit
 58714 | Snake:4  | Reached XP level 19. HP: 144/226 MP: 31/31
 59070 | Snake:4  | Found Kuciyj Defa's Assorted Antiques.
 59756 | Snake:4  | Found Nej Olaq's Assorted Antiques.
 59775 | Snake:4  | Found Giuprol's Assorted Antiques.
 59798 | Snake:4  | Reached skill level 22 in Fighting
 60586 | Snake:4  | Found Joomal's Armour Shop.
 60661 | Snake:4  | Reached skill level 15 in Axes
 61147 | Snake:4  | Elyvilon protects you from harm!
 62175 | Snake:4  | Got a serpentine rune of Zot
 62554 | Vaults:1 | Entered Level 1 of the Vaults
 63865 | Vaults:1 | Reached skill level 23 in Fighting
 65569 | Vaults:1 | Reached XP level 20. HP: 192/238 MP: 32/32
 65622 | Vaults:1 | Slain by a dire elephant

Illustrated notes

Levels and vault maps discovered:
D:1:      minmay_arrival_shattered_statue, layout_basic, patterned_corridor
D:2:      layout_loops_ring, serial_aquarium, aquarium_bridge_island_small
          [aquarium_subvault_small_open, aquarium_subvault_bridge,
          aquarium_subvault_window, aquarium_subvault_window,
          aquarium_subvault_bridge], aquarium_window_1, aquarium_window_fake,
          aquarium_view_2e, aquarium_view_2c, aquarium_pool_2
D:3:      layout_rooms, mainiacjoe_overflow_six_doors_small,
          mainiacjoe_overflow_alcove_1, serial_shops, nicolae_lakefront_shop,
          uniq_sigmund, uniq_natasha, uniq_terence, uniq_robin
D:4:      layout_rooms, nicolae_ossuary_entry_monument
D:5:      layout_basic, nicolae_overflow_crystal_walls, xom_teletrap_fun,
          nrook_mini_backslash, kennysheep_generic_room_3
D:6:      layout_basic, evilmike_ruin_ashenzari
D:7:      layout_basic, mainiacjoe_overflow_catwalk,
          minmay_temple_entry_drinking_statues, lemuel_flamethrower_1
D:8:      layout_loops_ring, zin_statuary,
          mainiacjoe_overflow_concentric_impassable, lemuel_blue_sif_altar,
          erik_lair_dragon, serial_undead, serial_undead_e, serial_undead_a,
          serial_undead_c, serial_undead_e, serial_undead_e, serial_undead_a,
          serial_undead_a, grunt_ministairs_2, minmay_hedge_maze
D:9:      layout_irregular_city, lemuel_crystal_altar,
          lemuel_coloured_pillars_altar, minmay_orc_entry_guard_dogs,
          minmay_misc_feat_room
D:10:     layout_small_grid, serial_shops, nicolae_shop_stone,
          nicolae_shop_bloodbath_and_beyond, shop, nicolae_shop_stone
D:11:     layout_irregular_city, serial_shops, nicolae_lakefront_shop
D:12:     cheibrodos_magma_flow, layout_irregular_city, minmay_circle_x
D:13:     layout_basic, uniq_snorg, uniq_maurice
D:14:     layout_basic, grunt_vaults_entry_fortified, minmay_misc_feat_rugged,
          serial_shops, nicolae_inconvenience_store, minmay_misc_feat_encased,
          st_stairs_8, minmay_beelzebubs_servants, uniq_jorgrun
D:15:     gammafunk_enter_depths_forms, layout_basic, serial_shops,
          nicolae_shop_crystal, shop, nicolae_shop_overgrown_old_shop, shop,
          gammafunk_ghost_necromancy, nicolae_hepliaklqana_hippocampus
Temple:   grunt_temple_mini_profane
Lair:1:   layout_regular_city, hangedman_lair_unloving_vines, grunt_megastairs_4
Lair:2:   layout_misc_corridors, minmay_snake_entry_six_corridors
Lair:3:   layout_roguey, minmay_swamp_entry_reptiles, nicolae_lair_lindhole,
          serial_bayou_shore_a
Lair:4:   layout_regular_city, uniq_josephine
Lair:5:   evilmike_catoblepas_cave, layout_regular_city, slime_entry_1,
          uniq_nessos
Swamp:1:  layout_falls_marsh, serial_swamp_ruin, evilmike_swamp_ruin_house_4,
          evilmike_swamp_ruin_rubble_2, evilmike_swamp_ruin_house_5, swamp_pool4
Swamp:2:  layout_basic_swamp, evilmike_swamp_ruin_rubble_1, swamp_pool2,
          nicolae_swamp_frolicking_bunyips
Swamp:3:  layout_falls_marsh, nicolae_swamp_triple_paths, swamp_pool2,
          nicolae_swamp_fairy_circle, uniq_kirke, uniq_donald, uniq_louise
Swamp:4:  swamp_old_school, layout_basic_swamp, swamp_pool5,
          hangedman_swamp_ruin_wall, grunt_witch_cave
Snake:1:  layout_layer_cave, minmay_shop_grove
Snake:2:  layout_onion, nicolae_snake_bzzzt, grunt_megastairs_2
Snake:3:  layout_misc_corridors, minmay_shoptagon
Snake:4:  grunt_snake_rune_pools, layout_basic, serial_shops, shop_fountains,
          shop_fountains, nicolae_shop_crystal, shop
Orc:1:    layout_diamond_mine, portal_ice_cave_entry_pillars_1, serial_shops,
          nicolae_shop_behind_doors, nicolae_orc_flooded_monolith
Orc:2:    st_orc_congregation, layout_caves, serial_shops, shop, uniq_saint_roka
Vaults:1: ontoclasm_vaults_eye, vaults_standard_mumra_lines, v_misc_13,
          ontoclasm_vaults_misaligned, nicolae_vaults_ring_of_whatevers,
          hangedman_vaults_impose, st_lines, hangedman_vaults_trim,
          nicolae_vaults_little_squares_3, vaults_dpeg_hooks,
          layout_vaults_quadrants

Skill      XL: |  1  2  3  4  5  6  7  8  9 10 11 12 13 14 15 16 17 18 19 |
---------------+----------------------------------------------------------+-----
Dodging        | 3 4 5 6 7 8 9 10 | 10.0
Fighting       | 5 6 7 8 10 12 13 15 17 18 19 20 21 23 | 23.3
Polearms       | 4 5 6 7 9 10 11 13 14 15 | 15.0
Invocations    | 4 10 12 13 14 15 16 17 | 17.1
Armour         | 9 12 13 | 13.6
Axes           | 10 13 14 16 | 16.2
Stealth        | |  1.4

Action                   |  1- 3 |  4- 6 |  7- 9 | 10-12 | 13-15 | 16-18 | 19-21 || total
-------------------------+-------+-------+-------+-------+-------+-------+-------++-------
Melee: Spear             |   155 |   170 |       |   149 |       |       |       ||   474
       Halberd           |       |    40 |   514 |   471 |  1077 |       |       ||  2102
       Punch             |       |     1 |       |     5 |       |       |       ||     6
       Quarterstaff      |       |       |       |    38 |       |       |       ||    38
       Battleaxe         |       |       |       |       |    31 |  1165 |   409 ||  1605
Throw: Stone             |    52 |       |       |       |       |       |       ||    52
       Dart              |     4 |    15 |     5 |       |       |       |       ||    24
       Throwing net      |       |       |       |       |     4 |       |       ||     4
Invok: Purification      |       |       |     2 |     1 |     2 |     8 |     3 ||    16
       Heal Other        |       |       |       |     2 |    28 |    46 |     5 ||    81
       Divine Vigour     |       |       |       |     1 |     1 |     2 |       ||     4
       Heal Self         |       |       |       |       |     5 |    17 |     3 ||    25
Evoke: Wand              |       |       |     2 |     2 |       |     9 |       ||    13
       Box of beasts     |       |       |       |       |     1 |     1 |     1 ||     3
  Use: Scroll            |     4 |     6 |    14 |    10 |     5 |    18 |     4 ||    61
       Potion            |       |     4 |     4 |     2 |       |     8 |     5 ||    23
 Stab: Sleeping          |     2 |     1 |     6 |     6 |     3 |     2 |       ||    20
       Distracted        |       |       |     1 |       |       |     1 |     1 ||     3
       Paralysed         |       |       |       |     5 |       |     2 |       ||     7
       Petrifying        |       |       |       |       |     1 |       |       ||     1
       Invisible         |       |       |       |       |       |     5 |       ||     5
Armor: Robe              |    31 |    54 |   178 |    15 |       |       |       ||   278
       Steam dragon scal |       |       |       |   284 |   507 |   334 |       ||  1125
       Swamp dragon scal |       |       |       |       |       |   534 |   143 ||   677
Dodge: Dodged            |    43 |   121 |   212 |   349 |   523 |  1103 |   284 ||  2635
